 Dungeon Crawl Stone Soup version 0.25-a0-424-g80bd347ae0 (webtiles) character file.

Game seed: 14114753564635734180, levelgen mode: deterministic

140 kae the Chiller (level 5, -3/35 HPs)
             Began as a Merfolk Ice Elementalist on Jan 22, 2020.
             Slain by a hornet zombie (7 damage)
             ... on level 3 of the Dungeon.
             The game lasted 00:03:12 (3415 turns).

kae the Chiller (Merfolk Ice Elementalist)          Turns: 3415, Time: 00:03:13

Health: -3/35      AC:  2    Str:  9    XL:     5   Next: 23%
Magic:  9/9        EV: 13    Int: 14    God:
Gold:   122        SH:  0    Dex: 15    Spells: 6/10 levels left

rFire    . . .     SeeInvis .   k - +0 trident
rCold    . . .     Gourm    .   (no shield)
rNeg     . . .     Faith    .   a - +0 robe
rPois    .         Spirit   .   (no helmet)
rElec    .         Reflect  .   (no cloak)
rCorr    .         Harm     .   (no gloves)
MR       .....                  (no boots)
Stlth    ++........             (no amulet)
HPRegen  0.11/turn              (no ring)
MPRegen  0.11/turn              (no ring)

@: no status effects
A: change form in water, swift swim, stealthy swim
a: no special abilities


You were on level 3 of the Dungeon.
You were not hungry.

You visited 1 branch of the dungeon, and saw 3 of its levels.

You collected 122 gold pieces.

Inventory:

Hand Weapons
 e - a +0 whip
 k - a +0 trident (weapon)
Armour
 a - a +0 robe (worn)
Wands
 h - a wand of iceblast (5)
Scrolls
 b - a scroll of teleportation
 f - a scroll of identify
 j - a scroll of immolation {unknown}
 l - a scroll of noise {unknown}
Potions
 d - a potion of mutation {unknown}
 g - a potion of heal wounds {unknown}
 m - a potion of brilliance {unknown}
Comestibles
 c - 10 rations
 i - 3 chunks of flesh


   Skills:
 * Level 0.1 Polearms
 - Level 2.6 Dodging
 - Level 2.1 Stealth
 + Level 3.1 Spellcasting
 * Level 6.3 Ice Magic


You had 6 spell levels left.
You knew the following spells:

 Your Spells              Type           Power        Failure   Level  Hunger
a - Freeze                Ice            ###.         1%          1    #......
b - Ozocubu's Armour      Chrm/Ice       ##......     17%         3    ###....

Your spell library contained the following spells:

 Spells                   Type           Power        Failure   Level  Hunger
 Hailstorm                Conj/Ice       ##......     50%         4    #####..
 Summon Ice Beast         Ice/Summ       ##......     50%         4    #####..


Dungeon Overview and Level Annotations

Branches:
Dungeon (3/15)

Altars:

Annotations:
D:2 Sigmund


Message History

A worm comes into view.
The hornet zombie hits you.
You hit the hornet zombie.
The hornet zombie is lightly damaged.
The hornet zombie closely misses you. The hornet zombie hits you!
You puncture the hornet zombie!
The hornet zombie is moderately damaged.
The hornet zombie hits you but does no damage.
You hit the hornet zombie but do no damage.
The hornet zombie is moderately damaged.
The hornet zombie hits you! The hornet zombie barely misses you.
You closely miss the hornet zombie.
The hornet zombie is moderately damaged.
The hornet zombie hits you!
* * * LOW HITPOINT WARNING * * *
The hornet zombie hits you but does no damage.
You puncture the hornet zombie!
The hornet zombie is moderately damaged.
The hornet zombie hits you!
You die...

########### #.........#
#.........# #.........#
#.........###
#@..>.......#
#Z...[....#.####
#....)....#.รท..###
#...............####...#
#...............# ###..
#...............# #..(#
#.w.......####### #...#
#.........# .....#
#......)... ......##


You could see a hornet zombie.

Vanquished Creatures
  Ijyb (D:3)
  4 adders
  2 oozes (D:2)
  A worm (D:1)
  2 dart slugs
  A leopard gecko (D:2)
  3 orcs (D:3)
  5 bats
  5 hobgoblins
  17 jackals
  3 kobolds
  A ball python (D:2)
  2 frilled lizards (D:2)
  3 goblins
  3 rats
53 creatures vanquished.

Notes
Turn   | Place    | Note
-------+----------+-------------------------------------------
     0 | D:1      | kae the Merfolk Ice Elementalist began the quest for the
                  | Orb.
     0 | D:1      | Reached XP level 1. HP: 13/13 MP: 3/3
   411 | D:1      | Reached XP level 2. HP: 18/19 MP: 1/5
  1409 | D:2      | Reached skill level 5 in Ice Magic
  1438 | D:2      | Reached XP level 3. HP: 24/24 MP: 3/6
  2234 | D:2      | Noticed Sigmund
  2542 | D:3      | Noticed Ijyb
  2584 | D:3      | Reached XP level 4. HP: 24/30 MP: 5/8
  2872 | D:2      | Learned a level 3 spell: Ozocubu's Armour
  2951 | D:3      | Killed Ijyb
  2951 | D:3      | Reached skill level 6 in Ice Magic
  3006 | D:3      | Reached XP level 5. HP: 10/35 MP: 1/9
  3415 | D:3      | Slain by a hornet zombie

Levels and vault maps discovered:
D:1:      evilmike_arrival_run_for_it, layout_basic, grunt_decor_resistance
D:2:      layout_basic, minmay_tiny_reverse_x, uniq_sigmund
D:3:      layout_rooms, kennysheep_okawaru_gauntlet, uniq_terence, uniq_ijyb,
          uniq_robin

Skill      XL: |  1  2  3  4 |
---------------+-------------+-----
Ice Magic      | 5 6 |  6.3
Spellcasting   | 3 |  3.1
Polearms       | |  0.1
Dodging        | |  2.6
Stealth        | |  2.1

Action                   |  1- 3 |  4- 6 || total
-------------------------+-------+-------++-------
Melee: Unarmed           |    21 |       ||    21
       Whip              |    39 |    30 ||    69
       Trident           |       |    14 ||    14
 Cast: Freeze            |    38 |    32 ||    70
       Ozocubu's Armour  |       |     1 ||     1
  Use: Scroll            |     6 |       ||     6
 Stab: Sleeping          |     1 |     1 ||     2
  Eat: Chunk             |     5 |     4 ||     9
Armor: Robe              |    21 |    18 ||    39
Dodge: Dodged            |    90 |    48 ||   138

Table legend:
 A = Non-vault XP
 B = Vault XP
 C = Vault XP percentage of total XP
 D = Non-vault monster count
 E = Vault monster count
 F = Vault count percentage of total count
                 A         B        C        D         E       F
            +---------+---------+-------+---------+---------+-------
      Total |     141 |      60 |  29.9 |      49 |       4 |   7.5
            +---------+---------+-------+---------+---------+-------
        D:1 |      20 |       5 |  20.0 |      12 |       1 |   7.7
        D:2 |      65 |      15 |  18.8 |      17 |       2 |  10.5
        D:3 |      56 |      40 |  41.7 |      20 |       1 |   4.8
            +---------+---------+-------+---------+---------+-------
